Map: Ultralove

Players

Benny

  • Race: Protoss Protoss
  • League: Master
  • Spawn Location: 1:00

Millifrill - Winner!

  • Race: Zerg Zerg
  • League: Silver
  • Spawn Location: 7:00

VOD

Have the link to the VOD?

Description

Time

  • Played on: Aug. 5, 2025, 7:31 a.m.
  • Length: 4:23
Show
View Real Time Build Order
Export as new Build Order

Benny Protoss 

Build Orders: 1 Gate Expand 

Get SALT Encoding   

  12  0:05  Probe  
  13  0:13  Probe  
  14  0:22  Probe  
  14  0:23  Pylon  
  15  0:30  Assimilator  
  15  0:43  Gateway  
  15  0:51  Probe  
  16  1:00  Probe  
  17  1:14  Probe  
  18  1:28  Probe  
  19  1:35  Cybernetics Core  
  19  1:44  Nexus  
  19  1:48  Probe  
  19  1:53  Assimilator  
  20  2:01  Pylon  
  20  2:07  Probe  
  21  2:09  Zealot  
  21  2:21  Probe  
  24  2:28  Pylon  
  24  2:37  Probe  
  27  3:06  Stargate  
  25  3:19  Pylon  
  25  3:20  Zealot  
  25  3:30  Shield Battery  
  24  3:41  Gateway  
Show
View Real Time Build Order
Export as new Build Order

Millifrill Zerg - Winner!

Build Orders: Pool First 

Get SALT Encoding   

  12  0:01  Drone  
  13  0:09  Drone  
  14  0:16  Extractor, Drone  
  15  0:38  Spawning Pool  
  15  0:42  Extractor, Drone  
  15  0:58  Hatchery  
  15  1:03  Extractor  
  15  1:04  Drone  
  14  1:10  Overlord  
  14  1:15  Extractor  
  14  1:17  Drone  
  15  1:30  Zergling x4  
  17  1:40  Zergling x2  
  17  1:45  Queen  
  20  1:47  Zergling x2  
  21  2:01  Zergling x2  
  22  2:10  Overlord  
  22  2:12  Overlord  
  22  2:14  Metabolic Boost  
  22  2:22  Zergling x2, Extractor  
  22  2:33  Zergling x4  
  22  2:36  Zergling x2  
  24  2:58  Zergling x6  
  24  2:59  Zergling x2  
  28  3:19  Zergling x10  
  32  3:28  Drone x2  
  34  3:40  Zergling x2  
  34  3:41  Zergling x4  
  37  3:50  Drone x2  
  39  4:15  Roach Warren  
Tags
 
Add a new tag
Caveats
  • Supply blocks, unpowered buildings, or Contaminate may cause inaccurate times.
  • Supply counts are checked every 10 seconds.